Unix NetHack Version 5.0.0-0 post-release - last build May 17 2026 04:57:42 (dc50c8380fa5e20985bfe3072449f57b8d9895ef,branch:main).

Game began 2026-05-18 10:51:36, ended 2026-05-18 12:55:10.

Japes, lawful female human Valkyrie

                 ---- ----           ---- --  ---     ---           --
               ---..| |..|         ---..---.---.---- --.---      ---.--
               |....---..|     -----.....|...|.....--|....|     -.....---
            ----........--------....................--....|  ---........|
     ----  --..........---.......-.................h......---...........-
     |...---.)--........|.....- -..................................
     |....|...||-.......|.....---.....-   -....................-
      -...<...--.......^..............----....F.....>@)-h......|
      ---..................................|...................--
        |..............................-----..........--........|
        -..%..............--...........-- |..........-||.......--
       ..0|...|..........-|--....---....|--......--...|---)..---
      --- ---.|.|.........---.%.-- ---..--.......|--.--  |..-|
             ...---.---........-|    |..........----.|   ---.--
             -.-  --- |.--...[..|    |...........--..--    |..|
             ..|      -.|-----.--   --................|    ----
               -       .|    ---    |................--
                       .|           |.............|.--
                       --           --........--.----
                                     --.--.|.-----
                                      --------
Japes the Skirmisher        St:15 Dx:16 Co:18 In:7 Wi:9 Ch:10  Lawful
Dlvl:3  $:35 HP:0(47) Pw:10(10) AC:6  Xp:4/132 T:1130 

Latest messages:
 Never mind.
 You kill the gnome!
 The gnome wields an aklys!
 The gnome secures the tether on the aklys.
 The gnome throws an aklys!
 An aklys misses you.
 The aklys returns to the gnome's hand!
 You hit the gnome!
 The gnome swings his aklys.
 The gnome hits!
 You kill the gnome!
 The dwarf climbs out of the pit.
 t - a red gem.
 The hobbit throws an elven dagger!
 You are hit by an elven dagger!
 The hobbit falls into a pit!
 You hit the gnome.
 You miss the gnome.
 You kill the gnome!
 The gnome hits!
 You miss the gnome.
 You miss the gnome.
 The gnome hits!
 You kill the gnome!
 u - a red gem.
 There is a gnome corpse here; eat it? [ynq] (n)
 This gnome corpse tastes okay.
 You stop eating the gnome corpse.
 The hobbit wields an aklys!
 The hobbit secures the tether on the aklys.
 You see here a banded mail.
 The gnome hits!
 You kill the gnome!
 v - a carrot.
 w - a white gem.
 The hobbit throws an elven dagger!
 You are hit by an elven dagger.
 The hobbit throws an aklys!
 An aklys misses you.
 The hobbit swings his aklys.
 The hobbit hits!
 The hobbit swings his aklys.
 The hobbit hits!
 The hobbit swings his aklys.
 The hobbit hits!
 The hobbit throws an aklys!
 You are hit by an aklys!
 You die...
 Do you want your possessions identified? [ynq] (y)
 Do you want to see your attributes? [ynq] (y)

Inventory:
 Coins    ('$')
  $ - 35 gold pieces
 Amulets  ('"')
  g - an uncursed amulet of guarding
 Weapons  (')')
  b - a +0 dagger (alternate weapon; not wielded)
  a - a +1 spear (weapon in right hand)
 Armor    ('[')
  c - an uncursed +3 small shield (being worn)
 Comestibles  ('%')
  v - an uncursed carrot
  d - 3 uncursed food rations
  p - an uncursed tripe ration
  l - an uncursed egg
  h - 3 uncursed lichen corpses
 Scrolls  ('?')
  j - an uncursed scroll of amnesia
  k - an uncursed scroll of destroy armor
  q - an uncursed scroll of enchant weapon
  f - an uncursed scroll of identify
  i - an uncursed scroll of magic mapping
  m - an uncursed scroll of remove curse
 Potions  ('!')
  n - an uncursed potion of fruit juice
  r - an uncursed potion of levitation
 Wands    ('/')
  o - a wand of polymorph (0:4)
 Tools    ('(')
  s - an uncursed mirror
 Gems/Stones  ('*')
  u - an uncursed jasper stone
  t - an uncursed worthless piece of red glass
  w - an uncursed worthless piece of white glass

Japes the Valkyrie's attributes:

Background:
 You were a Skirmisher, a level 4 human Valkyrie.
 You were lawful, nominally on a mission for Tyr
 who was opposed by Odin (neutral) and Loki (chaotic).
 You were right-handed.
 You were in the Gnomish Mines, on level 3.
 You entered the dungeon 1130 turns ago.
 There was a new moon in effect when your adventure ended.
 You had 132 experience points, 28 more were needed to attain level 5.

Basics:
 You had 0 out of 47 hit points.
 You had all 10 energy points (spell power).
 Your armor class was 6.
 Your wallet contained 35 zorkmids.
 Autopickup was on for '$' plus thrown.

Final Characteristics:
 Your strength was 15 (limit:18/100).
 Your dexterity was 16 (limit:18).
 Your constitution was 18 (limit:18).
 Your intelligence was 7 (limit:18).
 Your wisdom was 9 (limit:18).
 Your charisma was 10 (limit:18).

Final Status:
 You weren't hungry.
 You were unencumbered.
 You were wielding a spear.
 You had basic skill with spear.

Final Attributes:
 You were devoutly aligned.
 You were cold resistant.
 You were stealthy.
 You are dead.

Miscellaneous:
 You didn't encounter any bones levels.
 Total elapsed playing time was 42 minutes and 11 seconds.

Major events:
 Turn
    1: Japes the lawful human Valkyrie entered the dungeon
  376: attained the rank of Skirmisher (level 3)
 1000: entered the Gnomish Mines
 1130: killed by an aklys

You didn't know any spells.

Skills:
 Fighting Skills
   bare handed combat [Unskilled]
   two weapon combat  [Unskilled]
   riding             [Unskilled]
 Weapon Skills
   dagger             [Basic]
   axe                [Unskilled]
   pick-axe           [Unskilled]
   short sword        [Unskilled]
   broadsword         [Unskilled]
   long sword         [Unskilled]
   two-handed sword   [Unskilled]
   saber              [Unskilled]
   hammer             [Unskilled]
   quarterstaff       [Unskilled]
   polearms           [Unskilled]
   spear              [Basic]
   trident            [Unskilled]
   lance              [Unskilled]
   sling              [Unskilled]
 Spellcasting Skills
   attack spells      [Unskilled]
   escape spells      [Unskilled]

Voluntary challenges:
 Character rerolling was not enabled.
 You were an atheist.
 You were illiterate.
 You never genocided any monsters.
 You never polymorphed an object.
 You never changed form.
 You used no wishes.
Achievements:
 You attained the rank of Skirmisher.
 You entered the Gnomish Mines.

 The Dungeons of Doom: levels 1 to 2
    Level 1:
       A sink.
    Level 2:
       A fountain.
       Stairs down to The Gnomish Mines.
 The Gnomish Mines:
    Level 3: <- You were here.
       Final resting place for
          you, killed by an aklys.


Vanquished creatures:
  a gnome leader
  a little dog
  5 orc zombies
  4 dwarf zombies
 an acid blob
  8 gnomes
  3 gnome zombies
  a fox
  a goblin
  2 sewer rats
  3 grid bugs
  4 lichens
  6 kobold zombies
  2 newts
42 creatures vanquished.

No species were genocided or became extinct.

Game over:
                       ----------
                      /          \
                     /    REST    \
                    /      IN      \
                   /     PEACE      \
                  /                  \
                  |      Japes       |
                  |      35 Au       |
                  |   killed by an   |
                  |      aklys       |
                  |                  |
                  |                  |
                  |       2026       |
                 *|     *  *  *      | *
        _________)/\\_//(\/(/\)/\//\/|_)_______

Farvel Japes the Valkyrie...

You died in The Gnomish Mines on dungeon level 3 with 660 points,
and 35 pieces of gold, after 1130 moves.
You were level 4 with a maximum of 47 hit points when you died.

